Map: 2000 Atmospheres LE

Players

TeebuL

  • Race: Protoss Protoss

Demi - Winner!

  • Race: Zerg Zerg

Event: DreamHack SC2 Masters 2021 Fall

VOD

Have the link to the VOD?

Description

Time

  • Played on: July 28, 2021, 6:23 a.m.
  • Length: 12:37

All games in this series

Show
View Real Time Build Order
Export as new Build Order

TeebuL Protoss 

Build Orders: 1 Gate Expand, Oracle Opening 

Get SALT Encoding   

  12  0:00  Probe  
  13  0:12  Probe  
  14  0:19  Pylon  
  14  0:24  Probe  
  15  0:29  Assimilator  
  15  0:37  Probe (Chrono Boost)  
  16  0:46  Probe (Chrono Boost)  
  16  0:49  Gateway  
  17  0:51  Probe (Chrono Boost)  
  18  1:04  Probe  
  19  1:16  Probe  
  20  1:26  Nexus  
  20  1:36  Cybernetics Core  
  20  1:38  Probe  
  21  1:43  Assimilator  
  21  1:50  Probe  
  21  1:53  Pylon  
  22  2:02  Probe  
  23  2:10  Stalker (Chrono Boost)  
  23  2:12  Warp Gate  
  23  2:15  Probe  
  26  2:23  Stargate  
  26  2:27  Probe (Chrono Boost)  
  27  2:32  Adept  
  30  2:39  Probe (Chrono Boost)  
  30  2:40  Probe (Chrono Boost)  
  31  2:47  Probe x2 (Chrono Boost)  
  33  2:52  Probe (Chrono Boost)  
  33  2:53  Probe  
  35  3:02  Adept  
  35  3:04  Oracle (Chrono Boost), Probe  
  35  3:05  Probe  
  42  3:13  Pylon  
  42  3:16  Probe  
  42  3:17  Probe  
  44  3:22  Gateway  
  44  3:28  Probe  
  44  3:29  Probe  
  44  3:32  Oracle (Chrono Boost)  
  46  3:40  Probe  
  50  3:41  Probe  
  51  3:52  Probe  
  51  3:54  Probe  
  53  3:56  Pylon  
  53  4:03  Nexus  
  53  4:04  Probe  
  54  4:11  Twilight Council  
  54  4:14  Probe  
  54  4:17  Probe  
  55  4:25  Gateway  
  55  4:26  Gateway, Probe  
  55  4:29  Probe  
  57  4:38  Probe  
  58  4:39  Assimilator, Adept x2  
  58  4:40  Pylon  
  58  4:41  Assimilator  
  58  4:42  Resonating Glaives (Chrono Boost)  
  58  4:43  Pylon  
  62  4:50  Pylon  
  62  4:58  Pylon  
  62  4:59  Probe x2  
  64  5:01  Adept x2  
  68  5:11  Probe x2  
  67  5:19  Probe  
  67  5:21  Adept x3  
  70  5:22  Adept  
  70  5:23  Probe x2  
  78  5:29  Robotics Facility  
  78  5:31  Probe  
  78  5:35  Probe x2  
  81  5:38  Pylon  
  81  5:43  Adept x2  
  81  5:44  Adept x2  
  89  5:52  Probe x2  
  89  5:53  Blink (Chrono Boost)  
  89  5:54  Probe  
  92  6:02  Shield Battery  
  92  6:04  Probe  
  92  6:06  Gateway  
  92  6:08  Gateway  
  92  6:10  Probe  
  94  6:13  Probe  
  95  6:20  Sentry x4  
  103  6:27  Immortal (Chrono Boost)  
  103  6:29  Probe  
  98  6:43  Stalker x3  
  98  6:44  Stalker, Probe  
  99  6:56  Probe  
  99  7:01  Gateway  
  90  7:02  Gateway, Stalker  
  90  7:03  Stalker  
  90  7:04  Immortal (Chrono Boost)  
  90  7:05  Probe  
  90  7:07  Shield Battery  
  99  7:09  Pylon  
  99  7:10  Assimilator  
  99  7:11  Assimilator, Pylon  
  99  7:13  Stalker  
  99  7:14  Stalker x3  
  107  7:27  Stalker  
  107  7:28  Stalker  
  111  7:31  Gateway x2  
  111  7:35  Warp Prism (Chrono Boost)  
  111  7:36  Pylon  
  111  7:41  Stalker x3  
  111  7:43  Pylon  
  119  7:51  Stalker x3  
  125  8:04  Stalker x5  
  135  8:16  Pylon x2  
  135  8:19  Stalker x3  
  133  8:40  Stalker x7  
  124  8:51  Stalker x3  
  108  9:04  Stalker x2  
  108  9:05  Stalker x5  
  104  9:15  Stalker x3  
  86  9:20  Stalker x5  
  86  9:38  Robotics Bay  
  84  9:39  Stalker x3  
  84  9:40  Stalker  
  92  9:49  Forge  
  92  9:54  Sentry x2  
  96  10:01  Nexus, Stalker x3  
  96  10:06  Pylon  
  102  10:21  Stalker x3  
  102  10:22  Stalker x3  
  102  10:23  Protoss Ground Weapons Level 1 (Chrono Boost)  
  102  10:26  Disruptor (Chrono Boost)  
  115  10:57  Stalker x4  
  124  11:06  Adept x4  
  132  11:11  Disruptor  
  128  11:23  Stalker  
  128  11:24  Stalker x5  
  114  11:46  Stalker x2  
  114  11:47  Observer, Stalker x2  
  108  12:00  Adept x6  
Show
View Real Time Build Order
Export as new Build Order

Demi Zerg - Winner!

Build Orders: Hatch First, Lurkers 

Get SALT Encoding   

  12  0:00  Drone  
  13  0:12  Overlord  
  13  0:16  Drone  
  14  0:30  Drone x2  
  16  0:47  Hatchery  
  15  0:51  Drone  
  15  0:54  Drone  
  17  0:57  Drone  
  18  1:07  Extractor  
  17  1:13  Spawning Pool  
  17  1:16  Drone  
  17  1:19  Drone  
  18  1:28  Drone  
  19  1:38  Drone  
  20  1:49  Overlord  
  20  2:00  Queen x2  
  20  2:01  Zergling x4  
  26  2:09  Metabolic Boost  
  26  2:11  Drone  
  26  2:12  Drone  
  28  2:23  Drone x2  
  30  2:33  Hatchery  
  30  2:35  Drone  
  30  2:40  Drone  
  31  2:46  Overlord  
  31  2:48  Queen  
  33  2:53  Drone x2  
  35  3:04  Drone  
  36  3:08  Queen  
  36  3:11  Drone x3  
  36  3:12  Overlord  
  41  3:15  Drone  
  41  3:16  Drone  
  41  3:19  Drone  
  44  3:21  Overlord  
  44  3:29  Queen  
  44  3:32  Drone x2  
  44  3:33  Drone  
  49  3:38  Drone x2  
  51  3:42  Drone  
  51  3:44  Roach Warren  
  51  3:55  Drone x5  
  54  3:57  Queen  
  54  4:01  Drone  
  54  4:02  Drone  
  58  4:09  Spore Crawler  
  57  4:12  Overlord  
  57  4:13  Overlord  
  57  4:20  Drone x4  
  57  4:21  Drone  
  61  4:24  Drone  
  61  4:25  Drone  
  61  4:28  Extractor  
  61  4:29  Extractor  
  59  4:34  Drone x3  
  61  4:40  Lair  
  61  4:42  Drone x2  
  61  4:43  Drone  
  64  4:46  Drone  
  64  4:47  Drone  
  64  4:52  Drone x4  
  70  4:58  Overlord  
  70  5:00  Evolution Chamber  
  70  5:06  Drone  
  70  5:07  Drone  
  70  5:09  Drone x2  
  70  5:13  Drone x2  
  72  5:15  Extractor, Drone x2  
  72  5:18  Overlord  
  72  5:19  Overlord  
  72  5:20  Roach x2  
  72  5:21  Roach  
  79  5:26  Zerg Missile Weapons Level 1  
  79  5:28  Overlord  
  79  5:29  Roach  
  79  5:30  Roach  
  83  5:38  Glial Reconstitution  
  83  5:40  Overseer  
  83  5:43  Roach x4  
  83  5:49  Zergling x6, Roach  
  97  5:50  Zergling x4  
  97  5:55  Drone x4  
  97  5:56  Drone  
  103  5:57  Extractor  
  102  6:06  Extractor, Drone x3  
  104  6:13  Roach  
  104  6:14  Roach x4  
  104  6:15  Overlord  
  104  6:16  Overlord  
  114  6:20  Overlord x2  
  114  6:21  Overlord  
  108  6:34  Roach  
  108  6:35  Roach x5  
  115  6:42  Roach  
  115  6:43  Zergling x2, Roach x3  
  116  6:55  Drone x2  
  116  6:56  Drone x5  
  120  7:06  Drone x2  
  120  7:07  Drone x3  
  125  7:18  Infestation Pit  
  123  7:23  Drone x7, Hatchery  
  123  7:28  Zerg Missile Weapons Level 2  
  129  7:30  Drone  
  129  7:32  Overlord  
  130  7:49  Drone x4  
  130  7:51  Zergling x12  
  139  7:56  Hive  
  139  7:58  Hydralisk Den  
  139  8:07  Pneumatized Carapace  
  139  8:14  Roach x2  
  139  8:15  Zergling x4, Roach x7  
  139  8:17  Ravager x3, Overlord  
  155  8:38  Zergling x2, Roach x6  
  155  8:39  Zergling x10  
  153  8:54  Lurker Den, Roach  
  153  8:55  Roach x3  
  136  9:04  Roach x3  
  136  9:05  Roach x2  
  135  9:13  Drone x5  
  128  9:20  Drone x4  
  128  9:23  Queen  
  134  9:26  Queen  
  136  9:31  Overseer  
  136  9:32  Viper  
  136  9:33  Viper  
  136  9:34  Overlord  
  136  9:35  Overlord x7  
  142  9:40  Extractor  
  142  9:41  Extractor  
  140  9:46  Drone x4  
  140  9:51  Muscular Augments  
  140  9:52  Seismic Spines  
  144  9:53  Hydralisk x4  
  144  9:54  Zergling x2  
  153  10:12  Hydralisk x7  
  153  10:13  Zergling x4  
  169  10:17  Drone x2  
  169  10:21  Drone x2  
  169  10:24  Spore Crawler, Zerg Ground Armor Level 1  
  168  10:31  Evolution Chamber  
  168  10:32  Lurker x2  
  168  10:33  Lurker x2, Hydralisk  
  168  10:34  Zergling x2, Hydralisk  
  168  10:35  Zergling x10  
  181  10:41  Overseer  
  180  10:44  Hydralisk x2  
  180  10:45  Zergling x8  
  180  10:49  Adaptive Talons  
  185  11:02  Grooved Spines  
  185  11:03  Lurker  
  185  11:04  Lurker x5  
  188  11:11  Hydralisk  
  188  11:12  Hydralisk x3  
  188  11:16  Hatchery  
  189  11:30  Hydralisk  
  189  11:31  Roach x3  
  189  11:32  Roach x5  
  198  11:38  Hydralisk  
  198  11:39  Hydralisk x5  
  193  11:53  Roach x3  
  193  11:54  Roach  
  192  12:14  Drone x4  
  192  12:15  Drone x6  

Tags
 
Add a new tag
Caveats
  • Supply blocks, unpowered buildings, or Contaminate may cause inaccurate times.
  • Supply counts are checked every 10 seconds.